 BcadrenCrawl: Boulder Brew version 0.04.2-20-g1dbc4a6302 (webtiles) character file.

Game seed: 2082954408348952145, levelgen mode: deterministic

33 st0uf the Unbeliever (level 3, 29/29 HPs) Immature Draconian Demonspawn. Began on May 24, 2021. Quit the game on level 1 of the Dungeon. The game lasted 00:01:23 (182 turns).

st0uf the Unbeliever (Immature Draconian Demonspawn) Turns: 182, Time: 00:01:24

Health: 29/29      AC:  8    Str: 17    XL:     3 ^: 49
Magic:  5/5        EV: 12    Int: 12    God:
Gold:   52         SH:  0    Dex: 10    Spells: 4/5 levels left

rFire    . . .     Vision   .     - Unarmed
rCold    . . .     Gourm    .     - Unarmed
rNeg     . . .     Faith    .   (armour unavailable)
rPois    +         Spirit   .   (helmet restricted)
rElec    .         Reflect  .   (no cloak)
rCorr    .         Harm     .   (no gloves)
MR       .....                  (no boots)
Stlth    +++.......             (no amulet)
HPRegen  0.19/turn              a - ring of poison resistance
MPRegen  0.15/turn              (no ring)

@: studying Axes & Hammers
A: no body armour, unfitting armour, slimy green scales 1, nightstalker 1,
cold-blooded, AC +6
a: Breathe Dart


You were on level 1 of the Dungeon.
You were not hungry.

You visited 1 branch of the dungeon, and saw 1 of its levels.

You collected 52 gold pieces.

Inventory:

Jewellery
 a - a ring of poison resistance (left hand)
Potions
 c - a potion of heal wounds
Comestibles
 b - 2 rations


   Skills:
 * Level 1.7 Fighting
 + Level 2.8 Dodging
 + Level 1.4 Stealth
 + Level 2.1 Unarmed Combat
 * Level 1.8 Spellcasting
 - Level 1.5 Fire Magic
   Level 3.0 Invocations


You had 4 spell levels left.
You knew the following spells:

 Your Spells              Type           Power        Failure   Level  Hunger
a - Flame Tongue          Fire           4 (30)       14%         1    ##.....

Your spell library contained the following spells:

 Spells                   Type           Power        Failure   Level  Hunger
 Blink                    Tloc           N/A          38%         2    ###....
 Call Imp                 Summ           1 (100)      38%         2    ###....
 Slow                     Hex            1 (100)      38%         2    ###....
 Conjure Flame            Fire           4 (100)      41%         3    ####...
 Mephitic Cloud           Pois/Air       1 (100)      63%         3    ####...


Dungeon Overview and Level Annotations

Branches:
Dungeon (1/8)

Altars:


Innate Abilities, Weirdness & Mutations

You cannot fit into any form of body armour.
Your plain brown scales are resilient. (AC +6)
You can breathe rudimentary magical darts.
You are partially covered in slimy green scales. (AC +2)
You are slightly more attuned to the shadows.
You are cold-blooded and may be slowed by cold attacks.


Message History

You barely miss the cinder newt. You hit the cinder newt (6).
You tail-slap the cinder newt (3).
The cinder newt is almost dead. (2/13) HP The rat barely misses you (0).
The cinder newt closely misses you (0).
You barely miss the cinder newt. You closely miss the cinder newt.
You barely miss the cinder newt. You closely miss the cinder newt.
The rat barely misses you (0). The cinder newt bites you (0).
You barely miss the cinder newt. x2
You hit the cinder newt (4).
You kill the cinder newt!
You have reached level 3!
Your experience leads to an increase in your attributes!
Increase (S)trength, (I)ntelligence, or (D)exterity?
You feel stronger.
Your scales feel tougher.
Your demonic ancestry asserts itself...
You slip into the darkness of the dungeon.
The rat closely misses you (0).
You barely miss the rat. You hit the rat (3).
You kill the rat!
Are you sure you want to abandon this character and quit the game? (Confirm with "yes".)

....<....#######.#####.###.......
...............#.# #........≈≈≈..
.⌠.....⌠....⌠..#.# #........≈>...
.?..#....⌠.....#.###........≈≈≈..
..#####....⌠..##.................
### ###....##..###........>.... #
##.###...##......#######
#####..######### #..†@.....#
#...†.....# .............#
.............# ....##########
####


There were no monsters in sight!

Vanquished Creatures
  3 cinder newts (D:1)
  A dart slug (D:1)
  A goblin (D:1)
  4 hobgoblins (D:1)
  A ball python (D:1)
  A bat (D:1)
  2 rats (D:1)
13 creatures vanquished.

Vanquished Creatures (others)
  2 plants (D:1)
2 creatures vanquished.

Grand Total: 15 creatures vanquished

Notes
Turn   | Place    | Note
-------+----------+-------------------------------------------
     0 | D:1      | st0uf the Immature Draconian Demonspawn began the quest for
                  | the Orb.
     0 | D:1      | Reached XP level 1. HP: 16/16 MP: 3/3
    63 | D:1      | Gained mutation: You are partially covered in slimy green
                  | scales. (AC +2) [demonic ancestry]
    63 | D:1      | Reached XP level 2. HP: 23/23 MP: 4/4
   180 | D:1      | Gained mutation: You are slightly more attuned to the
                  | shadows. [demonic ancestry]
   180 | D:1      | Reached XP level 3. HP: 29/29 MP: 5/5
   182 | D:1      | Quit the game

Levels and vault maps discovered:
D:1:      dpeg_arrival_leaves_temple_mockup, layout_rooms,
          serial_bayou_lagoon_b, gup_sewer_entry_bowl

Skill      XL: |  1  2 |
---------------+-------+-----
Unarmed Combat | 2 |  2.1
Fighting       | |  1.7
Dodging        | |  2.8
Stealth        | |  1.4
Spellcasting   | |  1.8
Fire Magic     | |  1.5
Invocations    | |  3.0

Action                   || total
-------------------------++-------
Melee: Unarmed           ||    59
       Tailslap          ||     5
 Stab: Sleeping          ||     1
Armor: Skin              ||     5
Dodge: Dodged            ||    15
